 Dungeon Crawl Stone Soup version 0.23.2-40-g277498a001 (webtiles) character file.

Game seed: 6664830089013729891

1359 Descartes the Sneak (level 8, -1/36 HPs)
             Began as a Felid Wanderer on Sept 7, 2019.
             Was an Initiate of Dithmenos.
             Slain by an orc warrior
             ... wielding a +1 long sword of slicing
              (8 damage)
             ... on level 6 of the Dungeon.
             The game lasted 00:52:49 (17920 turns).

Descartes the Sneak (Felid Wanderer)               Turns: 17920, Time: 00:52:50

Health: -1/36      AC:  2    Str: 10    XL:     8   Next: 37%
Magic:  12/16      EV: 22    Int: 14    God:    Dithmenos [......]
Gold:   374        SH:  0    Dex: 17    Spells: 8/16 levels left
                                        Lives:  0   Deaths: 2

rFire    + . .     SeeInvis +     - Unarmed
rCold    . . .     Gourm    .   (shield unavailable)
rNeg     . . .     Faith    .   (armour unavailable)
rPois    .         Spirit   .   (helmet unavailable)
rElec    +         Reflect  .   (cloak unavailable)
rCorr    .         Harm     .   (gloves unavailable)
MR       ++...                  (boots unavailable)
Stlth    ++++......             (no amulet)
HPRegen  0.12/turn              o - +1 ring of evasion
MPRegen  0.15/turn              q - ring of protection from magic

@: quick
A: very small, no armour, no weapons or thrown items, stealth, claws 1, fangs 3,
see invisible, carnivore, fire resistance 1, speed 1, shaggy fur 2, electricity
resistance, slow metabolism 1, strong 1, wild magic 1, sharp paws
a: Renounce Religion


You were on level 6 of the Dungeon.
You worshipped Dithmenos.
Dithmenos was noncommittal.
You were completely stuffed.

You visited 2 branches of the dungeon, and saw 7 of its levels.

You collected 374 gold pieces.

Inventory:

Missiles
 k - 143 stones
 r - 63 arrows
Jewellery
 j - an uncursed ring of ice
 o - a +1 ring of evasion (left paw)
 q - a ring of protection from magic (right paw)
Wands
 m - a wand of flame (23)
 s - a wand of polymorph (3)
 v - a wand of random effects (15)
Scrolls
 a - 2 scrolls of amnesia
 e - 4 scrolls of remove curse
 g - a scroll of blinking {unknown}
 h - 3 scrolls of teleportation
Potions
 b - 3 potions of lignification
 c - a potion of invisibility
 f - 3 potions of curing
 i - 2 potions of might
 l - a potion of haste
 p - a potion of heal wounds
 t - a potion of magic {unknown}
 u - a potion of flight {unknown}
 w - a potion of agility
Comestibles
 d - 18 rations
 n - a chunk of flesh


   Skills:
 + Level 3.7 Fighting
 + Level 5.5 Dodging
 * Level 6.6 Stealth
 * Level 4.5 Unarmed Combat
 * Level 4.7 Spellcasting
 + Level 4.0 Conjurations
 + Level 3.0 Hexes
 + Level 4.5 Translocations
 + Level 2.4 Air Magic
 + Level 2.3 Poison Magic
 + Level 0.4 Invocations
 + Level 2.4 Evocations


You had 8 spell levels left.
You knew the following spells:

 Your Spells              Type           Power        Failure   Level  Hunger
a - Magic Dart            Conj           ###.         6%          1    None
b - Mephitic Cloud        Conj/Pois/Air  ##......     22%         3    ###....
c - Blink                 Tloc           N/A          7%          2    ##.....
d - Slow                  Hex            ###.....     12%         2    ##.....

Your spell library contained the following spells:

 Spells                   Type           Power        Failure   Level  Hunger
 Conjure Flame            Conj/Fire      ##......     32%         3    ###....
 Call Imp                 Summ           #.......     34%         2    ##.....


Dungeon Overview and Level Annotations

Branches:
Dungeon (6/15)             Temple (1/1) D:5

Altars:
Ashenzari
Dithmenos
Gozag
Hepliaklqana
Kikubaaqudgha
Makhleb
Ru
Sif Muna
Trog
Uskayaw
Vehumet
Wu Jian
Xom
Yredelemnul
Zin
The Shining One


Innate Abilities, Weirdness & Mutations

You cannot wear armour.
You are incapable of wielding weapons or throwing items.
Your paws allow you to move quietly. (Stealth)
You have sharp claws.
You have razor-sharp teeth.
You have supernaturally acute eyesight. (SInv)
You are carnivorous and can eat meat at any time.
You cover ground quickly.
You are covered in thick fur. (AC +2)
You have a slow metabolism.
Your sharp claws are effective at attacking unaware monsters.
Your flesh is heat resistant. (rF+)
You are resistant to electric shocks. (rElec)
Your muscles are strong. (Str +2)
Your spells are a little harder to cast, but a little more powerful.


Message History

The orc warrior is heavily wounded.
The orc warrior closely misses you.
You scratch the orc warrior.
The orc warrior is severely wounded.
The orc warrior hits you with a +1 long sword of slicing!!
Ouch! That really hurt!
You scratch the orc warrior but do no damage.
You bite the orc warrior, but do no damage.
The orc warrior is severely wounded.
You scratch the orc warrior but do no damage.
The orc warrior is severely wounded.
The orc warrior hits you with a +1 long sword of slicing.
* * * LOW HITPOINT WARNING * * *
x2 You scratch the orc warrior but do no damage.
The orc warrior is severely wounded.
The orc warrior closely misses you.
You scratch the orc warrior.
The orc warrior is almost dead.
The orc warrior hits you with a +1 long sword of slicing!
You die...

#)# ##. #.......#.#
#.#..# #.# #####
#.......#.# #.....
#o###...? ####.##.#.#
###..# #........
#.##.#.# #.รท# #.###.###
#.##.#.# #.<# #o# #.#
#.##.#.#####..# #.# #.#
#.##.#........# #.# #.#
######.##.#######.##
#.###.######oo@...#..#
#.#
#....#.......######.##
#.## #.###.######## #.#
#.## #.# #.# #.# #...
#.# #.######## ##.##
#### #.#
#........#####...## #
#.###.######..........##
#..(..# ##..........# ##
#..##.# #.###......# #.


You could see an orc warrior and an orc.

Vanquished Creatures
  Sigmund (D:2)
  Eustachio (D:4)
  A black bear (D:6)
  An ogre (D:2)
  A bullfrog (D:6)
  A gnoll sergeant (D:4)
  5 wights
  2 crimson imps
  4 hounds
  A gnoll shaman (D:2)
  2 orc priests (D:5)
  A centaur skeleton (D:4)
  A bullfrog skeleton (D:5)
  An iguana (D:6)
  Ijyb (D:2)
  2 orc wizards
  4 worker ants
  A hound zombie (D:6)
  A hound skeleton (D:5)
  Robin (D:2)
  A howler monkey skeleton (D:4)
  56 gnolls
  9 adders
  A shadow imp (D:6)
  8 worms
  3 dart slugs
  3 leopard geckos
  15 orcs
  A ball python (D:1)
  7 giant cockroaches
  22 goblins
  16 hobgoblins
  20 jackals
  2 quokkas
  9 bats
  6 frilled lizards
  10 kobolds
  A leopard gecko skeleton (D:4)
  A quokka skeleton (D:5)
  7 rats
231 creatures vanquished.

Notes
Turn   | Place    | Note
-------+----------+-------------------------------------------
     0 | D:1      | Descartes the Felid Wanderer began the quest for the Orb.
     0 | D:1      | Descartes set off with the following items: a potion of
                  | lignification, a potion of curing, a ration; and the
                  | following spell memorised: Magic Dart; and the following
                  | spells available to memorise: Blink, Call Imp, Slow,
                  | Conjure Flame, Mephitic Cloud
     0 | D:1      | Reached XP level 1. HP: 9/9 MP: 4/4
   268 | D:1      | Reached XP level 2. HP: 9/13 MP: 4/6
   319 | D:1      | Reached skill level 1 in Dodging
   626 | D:1      | Reached skill level 2 in Stealth
  1186 | D:1      | Reached XP level 3. HP: 16/16 MP: 4/7
  1799 | D:2      | Learned a level 3 spell: Mephitic Cloud
  1812 | D:2      | Learned a level 2 spell: Blink
  1879 | D:2      | Noticed Sigmund
  2302 | D:2      | Reached skill level 1 in Translocations
  2302 | D:2      | Reached XP level 4. HP: 11/19 MP: 0/8
  3372 | D:1      | Gained mutation: You are resistant to electric shocks.
                  | (rElec) [potion of mutation]
  3372 | D:1      | Gained mutation: Your spells are a little harder to cast,
                  | but a little more powerful. [potion of mutation]
  3372 | D:1      | Gained mutation: Your muscles are strong. (Str +2) [potion
                  | of mutation]
  3372 | D:1      | Gained mutation: Your flesh is heat resistant. (rF+)
                  | [potion of mutation]
  3378 | D:2      | Slain by a scorpion
  3379 | D:2      | Reached XP level 3. HP: -3/16 MP: 7/7
  3466 | D:2      | Killed Sigmund
  3466 | D:2      | Reached skill level 3 in Stealth
  3466 | D:2      | Reached XP level 4. HP: 9/20 MP: 2/9
  3466 | D:2      | Reached XP level 5. HP: 11/23 MP: 2/10
  4753 | D:3      | Reached skill level 1 in Air Magic
  5480 | D:3      | Gained mutation: You are covered in thick fur. (AC +2)
                  | [Felid growth]
  5480 | D:3      | Reached XP level 6. HP: 27/27 MP: 7/11
  5650 | D:3      | HP: 1/27 [gnoll/+0 whip (8)]
  5985 | D:3      | Reached skill level 1 in Poison Magic
  6054 | D:3      | Noticed Ijyb
  6076 | D:3      | Paralysed by Ijyb for 6 turns
  6917 | D:2      | Killed Ijyb
  7027 | D:2      | Reached skill level 4 in Stealth
  7741 | D:3      | Reached XP level 7. HP: 20/30 MP: 7/13
  7989 | D:3      | Noticed Robin
  8554 | D:2      | Killed Robin
  8724 | D:2      | Learned a level 2 spell: Slow
  9795 | D:3      | Reached skill level 5 in Stealth
  9886 | D:3      | Reached skill level 1 in Hexes
 11377 | D:4      | Reached XP level 8. HP: 34/34 MP: 9/14
 11982 | D:4      | Noticed Eustachio
 12105 | D:4      | Killed Eustachio
 12105 | D:4      | Reached skill level 5 in Dodging
 13785 | D:5      | Entered Level 5 of the Dungeon
 14126 | D:5      | Reached skill level 6 in Stealth
 15487 | D:4      | Slain by a gnoll sergeant
 15488 | D:4      | Reached XP level 7. HP: -1/31 MP: 9/14
 15920 | D:5      | Reached XP level 8. HP: 33/35 MP: 0/15
 16152 | D:5      | Found a staircase to the Ecumenical Temple.
 16158 | Temple   | Entered the Ecumenical Temple
 16183 | Temple   | Became a worshipper of Dithmenos the Shadowed
 16845 | D:5      | Found an ancient bone altar of Kikubaaqudgha.
 17920 | D:6      | Slain by an orc warrior

Skill      XL: |  1  2  3  4  5  6  7  8 |
---------------+-------------------------+-----
Dodging        | 1 2 3 4 5 |  5.5
Stealth        | 2 3 4 5 6 |  6.6
Translocations | 2 3 4 |  4.5
Unarmed Combat | 2 3 4 |  4.5
Conjurations   | 3 4 |  4.0
Air Magic      | 1 2 |  2.4
Spellcasting   | 3 4 |  4.7
Poison Magic   | 1 2 |  2.3
Hexes          | 1 3 |  3.0
Fighting       | 3 |  3.7
Evocations     | 2 |  2.4
Invocations    | |  0.4

Action                   |  1- 3 |  4- 6 |  7- 9 || total
-------------------------+-------+-------+-------++-------
Melee: Unarmed           |    94 |   167 |   195 ||   456
       Bite              |    11 |    18 |    17 ||    46
       Punch             |       |     4 |     3 ||     7
 Cast: Magic Dart        |    71 |   183 |   618 ||   872
       Blink             |       |     1 |     2 ||     3
  Use: Scroll            |       |     4 |     7 ||    11
       Potion            |       |     2 |       ||     2
 Stab: Sleeping          |     3 |     3 |     6 ||    12
  Eat: Chunk             |    11 |    19 |    24 ||    54
Armor: Skin              |     7 |     9 |    19 ||    35
Dodge: Dodged            |    97 |   147 |   344 ||   588
